 Dungeon Crawl Stone Soup version 0.26-a0-651-gb41185065b (webtiles) character file.

Game seed: 5085409760665063245

133 Irenicus the Digger (level 4, -1/36 HPs)
             Began as a Deep Dwarf Earth Elementalist on Sept 29, 2020.
             Killed by divine providence
             ... invoked by an orc priest
              (13 damage)
             ... on level 3 of the Dungeon.
             The game lasted 00:13:31 (1390 turns).

Irenicus the Digger (Deep Dwarf Earth Elementalist) Turns: 1390, Time: 00:13:32

Health: -1/36      AC:  3    Str: 12    XL:     4   Next: 94%
Magic:  1/7        EV: 12    Int: 16    God:
Gold:   165        SH:  4    Dex: 13    Spells: 4/7 levels left

rFire    . . .     SeeInvis .   o - +2 dagger (venom)
rCold    . . .     Faith    .   h - +0 buckler
rNeg     . . .     Spirit   .   a - +0 leather armour
rPois    .         Reflect  .   (no helmet)
rElec    .         Harm     .   (no cloak)
rCorr    .         Rampage  .   (no gloves)
MR       .....                  (no boots)
Stlth    ++........             (no amulet)
HPRegen  0.00/turn              (no ring)
MPRegen  0.10/turn              (no ring)

@: non-regenerating
A: damage resistance, heal wounds, sense surroundings 1, no regeneration
a: Heal Wounds


You were on level 3 of the Dungeon.
You visited 1 branch of the dungeon, and saw 3 of its levels.

You collected 165 gold pieces.

Inventory:

Hand Weapons
 o - a +2 dagger of venom (weapon)
   (You took it off a kobold on level 3 of the Dungeon)
Missiles
 b - 68 stones (quivered)
 e - 4 javelins
Armour
 a - a +0 leather armour (worn)
   (You found it on level 1 of the Dungeon)
 h - a +0 buckler (worn)
   (You took it off a goblin on level 1 of the Dungeon)
Scrolls
 d - 2 scrolls of identify {unknown}
 i - 3 scrolls of teleportation {unknown}
 j - a scroll of immolation {unknown}
 k - a scroll of fear {unknown}
 n - a scroll of random uselessness {unknown}
Potions
 c - a potion of lignification {unknown}
 f - 2 potions of resistance {unknown}
 g - 2 potions of curing {unknown}
 l - a potion of stabbing {unknown}
 m - a potion of brilliance {unknown}
 p - a potion of invisibility {unknown}
 q - a potion of might {unknown}


   Skills:
 - Level 2.1 Dodging
 - Level 2.4 Stealth
 * Level 3.3 Shields
 - Level 2.0 Spellcasting
 - Level 0.8 Transmutations
 - Level 6.0 Earth Magic


You had 4 spell levels left.
You knew the following spells:

 Your Spells              Type           Power        Failure   Level
a - Sandblast             Erth           ###...       2%          1
w - Passwall              Tmut/Erth      ##......     11%         2

Your spell library contained the following spells:

 Spells                   Type           Power        Failure   Level
 Stone Arrow              Conj/Erth      ##....       26%         3
 Petrify                  Tmut/Erth      ##......     56%         4
 Lee's Rapid Deconstruct  Erth           ###.......   56%         5


Dungeon Overview and Level Annotations

Branches:
Dungeon (3/15)

Altars:


Innate Abilities, Weirdness & Mutations

You are resistant to damage.
You can heal yourself by infusing magical energy.
You passively map a small area around you.
You do not regenerate.


Message History

Something hits you.
* * * LOW HITPOINT WARNING * * *
You take 3 damage, and have 2/36 hp.
You now have 2/7 mp.
Okay, then.
You fail to use your ability.
The gnoll closely misses you.
You feel much better. The gnoll closely misses you.
You regained 25 hp, and now have 27/36 hp.
Something hits you.
You take 1 damage, and have 26/36 hp.
The orc priest hits you with a +0 falchion.
You take 3 damage, and have 23/36 hp.
The orc priest mumbles some strange prayers to Beogh against you.
Beogh smites you! You block the orc's attack.
You take 8 damage, and have 15/36 hp.
MASSIVE DAMAGE!!
Casting: Sandblast (safe; 2% risk of failure)
Confirm with . or Enter, or press ? or * to list all spells.
Aiming: Sandblast (safe; 2% risk of failure)
Press: ? - help, Shift-Dir - straight line, f - orc, p - gnoll
Aim: an orc, wielding a +0 club The blast of sand hits the orc.
The orc is almost dead.
b - 72 stones The orc priest begins to cast a cantrip, but forgets the words!
You now have 2/7 mp.
Casting: Sandblast (safe; 2% risk of failure)
Confirm with . or Enter, or press ? or * to list all spells.
Aiming: Sandblast (safe; 2% risk of failure)
Press: ? - help, Shift-Dir - straight line, f/p - orc
Aim: an orc, wielding a +0 club (almost dead)
The blast of sand hits the orc!
You kill the orc!
b - 71 stones The gnoll shouts!
The gnoll hits you but does no damage.
A gnoll comes into view. It is wielding a +0 spear.
You now have 1/7 mp.
Casting: Sandblast (safe; 2% risk of failure)
Confirm with . or Enter, or press ? or * to list all spells.
Aiming: Sandblast (safe; 2% risk of failure)
Press: ? - help, Shift-Dir - straight line, f - gnoll
Aim: a gnoll, wielding a -3 halberd The blast of sand hits the gnoll!
You kill the gnoll!
Your Shields skill increases to level 3!
b - 70 stones The gnoll shouts!
You now have 0/7 mp.
Casting: Sandblast (safe; 2% risk of failure)
Confirm with . or Enter, or press ? or * to list all spells.
You don't have enough magic to cast that spell.
Unknown command.
Casting: Sandblast (safe; 2% risk of failure)
Confirm with . or Enter, or press ? or * to list all spells.
You don't know that spell.
Unknown command.
Casting: Sandblast (safe; 2% risk of failure)
Confirm with . or Enter, or press ? or * to list all spells.
Aiming: Sandblast (safe; 2% risk of failure)
Press: ? - help, Shift-Dir - straight line, f - gnoll
Aim: a gnoll, wielding a +0 spear The blast of sand hits the gnoll!
The gnoll is almost dead.
b - 69 stones You now have 0/7 mp.
An orc wizard appears from thin air!
Reactivating autopickup.
Casting: Sandblast (safe; 2% risk of failure)
Confirm with . or Enter, or press ? or * to list all spells.
Okay, then.
The orc priest calls upon Beogh to heal the orc wizard.
The orc wizard is healed somewhat.
Casting: Sandblast (safe; 2% risk of failure)
Confirm with . or Enter, or press ? or * to list all spells.
Aiming: Sandblast (safe; 2% risk of failure)
Press: ? - help, Shift-Dir - straight line, f/p - gnoll
Aim: a gnoll, wielding a +0 spear (almost dead)
The blast of sand hits the gnoll.
You kill the gnoll!
b - 68 stones You now have 0/7 mp.
You hit the orc wizard but do no damage.
The orc wizard is poisoned.
The orc wizard is moderately wounded.
You hit the orc wizard but do no damage.
The orc wizard is moderately wounded.
The orc wizard gestures wildly while chanting.
The orc wizard seems to speed up.
The orc priest hits the bush but does no damage.
The orc wizard closely misses you.
The orc priest calls upon Beogh to heal the orc wizard.
The orc wizard is healed somewhat.
The orc wizard gestures at you while chanting.
The puff of flame hits you.
You take 3 damage, and have 12/36 hp.
You hit the orc wizard but do no damage.
The orc wizard is lightly wounded.
The orc wizard closely misses you.
The orc priest calls down the wrath of Beogh upon you.
Beogh smites you!
You die...

#.# ### #.#.# *
#.###.#####.#.#
#,#.##†#....).#.##
#.#.###.####..#..#**
#.#.##...###{.##)#
#........gr)o..g.##.
###.##...###........
#.###.#####.##.##.
#@# #.rg..#.##.# ,
##o#######o#♣♣..♣
#...###.....♣ ..P.,
##...o)..##..♣PP..#
#...♣P#####......♣#
#..♣♣♣.# #.#♣♣.♣♣
#....P## #.#.######
##...## #.#.......
##### #.########


You could see an orc priest and an orc wizard (fast, poisoned).

Vanquished Creatures
  Terence (D:2)
  2 gnolls (D:3)
  2 adders
  An ooze (D:3)
  4 dart slugs
  A leopard gecko (D:1)
  3 orcs (D:3)
  4 giant cockroaches
  9 goblins
  4 hobgoblins
  4 jackals (D:1)
  7 kobolds
  A quokka (D:3)
  A ball python (D:2)
  A bat (D:2)
  4 frilled lizards
  3 rats
52 creatures vanquished.

Notes
Turn   | Place    | Note
-------+----------+-------------------------------------------
     0 | D:1      | Irenicus the Deep Dwarf Earth Elementalist began the quest
                  | for the Orb.
     0 | D:1      | Reached XP level 1. HP: 15/15 MP: 3/3
    57 | D:1      | Reached skill level 2 in Spellcasting
   116 | D:1      | Reached XP level 2. HP: 20/22 MP: 1/5
   269 | D:1      | Reached skill level 5 in Earth Magic
   309 | D:1      | Reached XP level 3. HP: 9/28 MP: 0/6
   398 | D:1      | Learned a level 2 spell: Passwall
   646 | D:2      | Noticed Terence
   676 | D:2      | HP: 5/28 [Terence/cursed -2 mace (4)]
   691 | D:2      | Killed Terence
   691 | D:2      | Reached skill level 1 in Shields
   727 | D:2      | Reached XP level 4. HP: 7/36 MP: 1/7
  1000 | D:2      | Reached skill level 2 in Shields
  1010 | D:2      | Reached skill level 6 in Earth Magic
  1061 | D:2      | Found a faded altar of an unknown god.
  1346 | D:3      | HP: 6/36 [hobgoblin/+0 club (1)]
  1356 | D:3      | HP: 5/36 [something (1)]
  1357 | D:3      | HP: 2/36 [something (1)]
  1368 | D:3      | Reached skill level 3 in Shields
  1390 | D:3      | Killed from afar by an orc priest

Illustrated notes

Levels and vault maps discovered:
D:1:      minmay_arrival_radiant_lines, layout_basic
D:2:      layout_loops_corners, chequers_ecumenical_altar_twisty, uniq_terence
D:3:      layout_loops_ring, serial_forest, infiniplex_forest_clump_tiny,
          infiniplex_forest_corner_1, infiniplex_forest_corner_2,
          infiniplex_forest_end_3, infiniplex_forest_clump_long,
          infiniplex_forest_clump_curved, infiniplex_forest_lined_room_2

Skill      XL: |  1  2  3  4 |
---------------+-------------+-----
Spellcasting   | 2 |  2.0
Earth Magic    | 5 6 |  6.0
Shields        | 1 3 |  3.3
Dodging        | |  2.1
Stealth        | |  2.4
Transmutations | |  0.8

Action                   |  1- 3 |  4- 6 || total
-------------------------+-------+-------++-------
Melee: Dagger            |    42 |     9 ||    51
Throw: Javelin           |     7 |     2 ||     9
       Stone             |     1 |       ||     1
 Cast: Sandblast         |    38 |    37 ||    75
       Passwall          |     4 |     2 ||     6
 Abil: Heal Wounds       |       |     1 ||     1
 Stab: Sleeping          |     2 |     1 ||     3
Armor: Leather armour    |     9 |     3 ||    12
Dodge: Dodged            |    33 |    12 ||    45
Block: Buckler           |       |     3 ||     3

Table legend: (Time is in decaauts)
 A = Elapsed time spent in this place.
 B = Non-inter-level travel time spent in this place.
 C = Inter-level travel time spent in this place.
 D = Time resting spent in this place.
 E = Time spent auto-exploring this place.
 F = Levels seen in this place.
 G = Mean time per level.
                   A        B        C        D        E       F      G
               +--------+--------+--------+--------+--------+-----+--------+
         Total |   1393 |   1393 |      0 |      0 |      0 |   3 |  464.3 |
       Dungeon |   1393 |   1393 |      0 |      0 |      0 |   3 |  464.3 |
               +--------+--------+--------+--------+--------+-----+--------+

Top non-repeatable levels by time:
     D:2: 582 daAuts
     D:1: 543 daAuts
     D:3: 267 daAuts

Table legend:
 A = Kills in this place as a percentage of kills in entire the game.
 B = Kills by you in this place as a percentage of kills by you in the entire game.
 C = Kills by friends in this place as a percentage of kills by friends in the entire game.
 D = Other kills in this place as a percentage of other kills in the entire game.
 E = Experience gained in this place as a percentage of experience gained in the entire game.
 F = Experience gained in this place divided by the number of levels of this place that you have seen.
                   A       B       C       D       E      F
               +-------+-------+-------+-------+-------+----------------------
         Total | 100.0 | 100.0 |   N/A |   N/A | 100.0 |  63.7
       Dungeon | 100.0 | 100.0 |   N/A |   N/A | 100.0 |  63.7
               +-------+-------+-------+-------+-------+----------------------
